 Dungeon Crawl Stone Soup version 0.25.1-2-g60ff931df9 (console) character file.

Game seed: 7956980072624468771

222 Colgate the Chiller (level 5, -1/35 HPs)
             Began as a Demonspawn Ice Elementalist on Aug 25, 2020.
             Slain by a jackal (3 damage)
             ... on level 3 of the Dungeon.
             The game lasted 00:25:41 (2454 turns).

Colgate the Chiller (Demonspawn Ice Elementalist)   Turns: 2454, Time: 00:25:41

Health: -1/35      AC:  4    Str:  9    XL:     5   Next: 66%
Magic:  0/8        EV: 12    Int: 17    God:
Gold:   103        SH:  0    Dex: 13    Spells: 4/8 levels left

rFire    + . .     SeeInvis .   a - +0 war axe
rCold    . . .     Gourm    .   (no shield)
rNeg     . . .     Faith    +   f - +0 robe
rPois    .         Spirit   .   (helmet restricted)
rElec    .         Reflect  .   z - +0 cloak
rCorr    .         Harm     .   (no gloves)
MR       .....                  j - +0 pair of boots
Stlth    ++........             p - amulet of faith
HPRegen  0.11/turn              (no ring)
MPRegen  0.11/turn              (no ring)

@: no status effects
A: antennae 1, fire resistance 1, flame cloud immunity
a: no special abilities


You were on level 3 of the Dungeon.
You were not hungry.

You visited 1 branch of the dungeon, and saw 3 of its levels.

You collected 103 gold pieces.

Inventory:

Hand Weapons
 a - a +0 war axe (weapon)
 b - a +0 dagger
 h - a +0 whip
 m - a +0 mace
 t - a +0 whip of flaming
Missiles
 d - 140 stones
 g - 27 bolts
 u - 5 boomerangs (quivered)
 B - 17 sling bullets
Armour
 f - a +0 robe (worn)
 j - a +0 pair of boots (worn)
 q - a +0 leather armour
 w - a +0 ring mail
 y - a +0 chain mail
 z - a +0 cloak (worn)
Jewellery
 p - an amulet of faith (around neck)
Wands
 A - a wand of disintegration (12)
Scrolls
 e - 2 scrolls of enchant armour {unknown}
 i - 3 scrolls of identify {unknown}
 s - a scroll of magic mapping {unknown}
Potions
 k - 2 potions of berserk rage {unknown}
 l - a potion of brilliance {unknown}
 n - 2 potions of curing {unknown}
 o - a potion of mutation {unknown}
 r - a potion of magic {unknown}
 v - a potion of might {unknown}
Comestibles
 c - 8 rations


   Skills:
 - Level 2.0 Throwing
 - Level 1.7 Dodging
 - Level 1.7 Stealth
 - Level 2.0 Spellcasting
 + Level 5.9 Ice Magic


You had 4 spell levels left.
You knew the following spells:

 Your Spells              Type           Power        Failure   Level  Hunger
a - Freeze                Ice            ###.         1%          1    #......
b - Frozen Ramparts       Ice            ###...       4%          3    ###....

Your spell library contained the following spells:

 Spells                   Type           Power        Failure   Level  Hunger
 Ozocubu's Armour         Chrm/Ice       ##......     17%         3    ###....
 Hailstorm                Conj/Ice       ##......     50%         4    #####..
 Summon Ice Beast         Ice/Summ       ##......     50%         4    #####..


Dungeon Overview and Level Annotations

Branches:
Dungeon (3/15)

Altars:
Nemelex Xobeh


Innate Abilities, Weirdness & Mutations

You have a pair of small antennae on your head.
Your flesh is heat resistant. (rF+)
You are immune to clouds of flame.


Message History

The jackal closely misses you. x2
You barely miss the jackal. The jackal bites you.
* * * LOW HITPOINT WARNING * * *
The jackal closely misses you.
You slash the jackal!
You kill the jackal!
The jackal bites you.
* * * LOW HITPOINT WARNING * * *
Casting: Freeze (safe; 1% risk of failure)
Confirm with . or Enter, or press ? or * to list all spells.
Aiming: Freeze (safe; 1% risk of failure)
Press: ? - help, Shift-Dir - straight line, f - jackal
Aim: a jackal You freeze the jackal.
The jackal is moderately wounded.
The jackal closely misses you.
You barely miss the jackal.
The jackal is moderately wounded.
The jackal bites you.
You die...

### #@# #h# #.# #.#
######)####.#
#..........?#
#######o####)####.#
................#
#######)###..##..


#.PPP.PPPPPPPPP #######oP...P.P...P.P You could see a jackal.

Vanquished Creatures
  3 orc wizards (D:3)
  4 adders
  4 gnolls (D:3)
  An ooze (D:2)
  A worm (D:3)
  A dart slug (D:1)
  3 leopard geckos
  2 orcs (D:3)
  A ball python (D:2)
  5 bats
  A giant cockroach (D:1)
  7 goblins
  5 hobgoblins (D:1)
  2 jackals (D:3)
  A quokka (D:2)
  4 frilled lizards
  6 kobolds
  3 rats
54 creatures vanquished.

Notes
Turn   | Place    | Note
-------+----------+-------------------------------------------
     0 | D:1      | Colgate the Demonspawn Ice Elementalist began the quest for
                  | the Orb.
     0 | D:1      | Reached XP level 1. HP: 13/13 MP: 3/3
   150 | D:1      | Reached skill level 4 in Ice Magic
   263 | D:1      | Gained mutation: Your flesh is heat resistant. (rF+)
                  | [demonic ancestry]
   263 | D:1      | Reached XP level 2. HP: 19/19 MP: 5/5
   992 | D:1      | Reached XP level 3. HP: 24/24 MP: 4/6
   997 | D:1      | Learned a level 3 spell: Frozen Ramparts
  1562 | D:2      | Found a sparkling altar of Nemelex Xobeh.
  1656 | D:2      | Reached skill level 5 in Ice Magic
  1841 | D:2      | Reached skill level 1 in Throwing
  1841 | D:2      | Gained mutation: You are immune to clouds of flame.
                  | [demonic ancestry]
  1841 | D:2      | Reached XP level 4. HP: 30/30 MP: 3/7
  2429 | D:3      | Gained mutation: You have a pair of small antennae on your
                  | head. [demonic ancestry]
  2429 | D:3      | Reached XP level 5. HP: 16/35 MP: 3/8
  2454 | D:3      | Slain by a jackal

Illustrated notes

Levels and vault maps discovered:
D:1:      tarquinn_simple_flora_water_a, layout_loops_cross
D:2:      layout_rooms, nemelex_xobeh_ov_fountains_minmay
D:3:      layout_basic, first_ration, st_stairs_10, minmay_hedge_maze

Skill      XL: |  1  2  3  4 |
---------------+-------------+-----
Ice Magic      | 4 5 |  5.9
Throwing       | 1 2 |  2.0
Dodging        | |  1.7
Stealth        | |  1.7
Spellcasting   | |  2.0

Action                   |  1- 3 |  4- 6 || total
-------------------------+-------+-------++-------
Melee: Dagger            |    13 |     2 ||    15
       Mace              |     1 |       ||     1
       Whip              |    18 |       ||    18
       War axe           |       |    17 ||    17
Throw: Stone             |    50 |       ||    50
       Boomerang         |     1 |    13 ||    14
 Cast: Freeze            |    30 |     5 ||    35
       Frozen Ramparts   |     5 |     4 ||     9
 Stab: Sleeping          |     4 |       ||     4
  Eat: Chunk             |     4 |     2 ||     6
Armor: Robe              |    15 |     9 ||    24
Dodge: Dodged            |    24 |    25 ||    49
